 Dungeon Crawl Stone Soup version 0.30.0-29-ga12c61a403 (webtiles) character file.

Game seed: 10510586249994841982

69 qw the Chopper (level 4, 0/28 HPs)
             Began as a Gargoyle Fighter on June 3, 2023.
             Slain by a gnoll
             ... wielding a +0 halberd
              (8 damage)
             ... on level 3 of the Dungeon.
             The game lasted 00:00:47 (1701 turns).

qw the Chopper (Gargoyle Fighter)                   Turns: 1701, Time: 00:00:47

Health: 0/28       AC: 14    Str: 21    XL:     4   Next: 20%
Magic:  4/4        EV:  9    Int:  9    God:
Gold:   70         SH:  4    Dex:  9    Spells: 3/3 levels left

rFire   . . .        Y - +0 war axe (heavy)
rCold   . . .        c - +0 buckler
rNeg    + . .        b - +0 scale mail
rPois   inf          (no helmet)
rElec   +            (no cloak)
rCorr   .            (no gloves)
SInv    .            (no boots)
Will    .....        (no amulet) Stlth
                     h - +4 ring of slaying {mikee}
HPRegen 0.24/turn    a - +4 ring of protection
MPRegen 0.09/turn

%: no passive effects
@: no status effects
A: sickness immunity, AC +3, negative energy resistance 1, electricity
resistance, torment resistance 1, petrification resistance
a: no special abilities


You were on level 3 of the Dungeon.
You visited 1 branch of the dungeon, and saw 3 of its levels.

You collected 70 gold pieces.


Innate Abilities, Weirdness & Mutations

You are immune to sickness and miasma.
Your stone body is resilient. (AC +3)
You are immune to poison.
You resist negative energy. (rN+)
You are resistant to electric shocks. (rElec)
You are resistant to unholy torment.
You are immune to petrification.


   Skills:
 - Level 3.2 Fighting
 + Level 4.0 Axes
 - Level 3.2 Armour
 - Level 3.2 Shields


You had 3 spell levels left.
You didn't know any spells.
Your spell library was empty.

Inventory:

Hand Weapons
 j - a +0 flail
 Y - a +0 heavy war axe (weapon)
Armour
 b - a +0 scale mail (worn)
 c - a +0 buckler (worn)
Jewellery
 a - a +4 ring of protection (right hand)
 h - a +4 ring of slaying (left hand) {mikee}
Potions
 d - a potion of might
 e - a potion of mutation {unknown}
 f - a potion of flight {unknown}
 g - a potion of brilliance {unknown}
 i - a potion of curing {unknown}
 k - a potion of heal wounds {unknown}

Dungeon Overview and Level Annotations

Branches:
Dungeon (3/15)

Altars:


Message History

e - a fuming ruby potion A worm comes into view.
Found a dagger and 13 gold pieces.
Found a stone staircase leading down.
You completely miss the worm. The worm bites you but does no damage.
You slice the worm!!
You kill the worm!
You have reached level 4!
You feel clever.
Found a stone staircase leading down.
You now have 70 gold pieces (gained 13).
A gnoll and a frilled lizard come into view.
The gnoll shouts!
The frilled lizard hisses angrily.
You hear a shout! x2
Enter note: A gnoll comes into view. It is wielding a +0 halberd.
A gnoll comes into view. It is wielding a +0 club.
Enter note: A gnoll comes into view. It is wielding a +0 whip.
The gnoll shouts!
Enter note: You barely miss the gnoll.
The gnoll hits you with a +0 flail.
The gnoll hits you from afar with a +0 halberd.
You slice the gnoll!!
You kill the gnoll!
You hit the frilled lizard.
You kill the frilled lizard!
The gnoll barely misses you. x2
Your Axes skill increases to level 4!
The gnoll hits you with a +0 halberd!
Enter note: You slash the gnoll!
The gnoll is severely wounded.
You hit the gnoll.
The gnoll closely misses you. x2; You block the gnoll's attack.
The gnoll completely misses you. The gnoll hits you with a +0 halberd!
You closely miss the gnoll.
The gnoll is severely wounded.
You barely miss the gnoll. You hit the gnoll.
The gnoll hits you but does no damage. The gnoll hits you with a +0 halberd!
You die...

#.......##.........>.....
#.....####...............
#...######.....#.........
~..............#.........
...#.....#.#####.........
..<........ ##.........
~......#.## #..........
#(.....#.# #).%.......
#..#...# #.@........
#.###.... #ggg....... ..
#.#.. #.......... .. ....
........... .. ..
#.#........ ..##.......
..# ..##### ##. #.#


You could see 3 gnolls.

Vanquished Creatures
  A gnoll (D:3)
  An ufetubus (D:2)
  A worm (D:3)
  2 dart slugs
  8 bats
  5 endoplasms
  2 goblins
  3 hobgoblins (D:1)
  4 jackals (D:1)
  2 kobolds (D:2)
  2 quokkas
  6 ball pythons
  2 frilled lizards
  4 rats
43 creatures vanquished.

Notes
Turn   | Place    | Note
-------+----------+-------------------------------------------
     0 | D:1      | qw the Gargoyle Fighter began the quest for the Orb.
     0 | D:1      | Reached XP level 1. HP: 14/14 MP: 1/1
     0 | D:1      | 0 ||| qw: Version: 0.2-a-103-g5a998e5
     0 | D:1      | 0 ||| qw: Game counter: 1031
     0 | D:1      | 0 ||| qw: Always use a shield: true
     0 | D:1      | 0 ||| qw: God list: Okawaru
     0 | D:1      | 0 ||| qw: Allow faded altars: false
     0 | D:1      | 0 ||| qw: Do Orc after D:15 true
     0 | D:1      | 0 ||| qw: Do second Lair branch before Depths: true
     0 | D:1      | 0 ||| qw: Lair rune preference: random
     0 | D:1      | 0 ||| qw: Plans: Normal, Zot:1-4, Slime:5, God:TSO, Crypt,
                  | Tomb, Pan, Hells, Abyss, Win
     0 | D:1      | 0 ||| PLANNING D:1-11
    51 | D:1      | Reached skill level 2 in Axes
   194 | D:1      | You fall into a shaft and drop 1 floor!
   223 | D:2      | Reached XP level 2. HP: 18/19 MP: 2/2
   237 | D:2      | 237 ||| UPGRADING to +4 ring of slaying {mikee}.
   238 | D:2      | 238 ||| READING scroll labelled ZYXAWNAIRO.
   239 | D:2      | 239 ||| READING scroll labelled FIATOA AGUYC.
   333 | D:1      | 333 ||| Stepping ~*~*~tactically~*~*~ (stealth).
   439 | D:1      | Reached skill level 3 in Axes
   547 | D:1      | Reached XP level 3. HP: 23/23 MP: 3/3
   866 | D:1      | 866 ||| READING scroll labelled UCSUNU KANUGH.
   867 | D:1      | 867 ||| READING scroll labelled WYTHAN OQENUOLL.
  1124 | D:2      | 1124 ||| DROPPING +0 whip.
  1608 | D:2      | 1608 ||| UPGRADING to +4 ring of protection.
  1609 | D:2      | 1609 ||| READING scroll labelled SEUSHU BEEDE.
  1686 | D:3      | Reached XP level 4. HP: 28/28 MP: 4/4
  1699 | D:3      | Reached skill level 4 in Axes
  1701 | D:3      | Slain by a gnoll

Levels and vault maps discovered:
D:1:      dpeg_arrival_boxes_within_box, layout_loops_ring,
          chequers_serial_rivers_micro_e, nrook_mini_vaults
D:2:      layout_loops_ring
D:3:      layout_rooms, serial_curves, eino_curves_02, eino_curves_03,
          shapermc_ecumenical_altar_hornbeckon, fountainhead,
          kennysheep_generic_room_2

Skill      XL: |  1  2  3  4 |
---------------+-------------+-----
Axes           | 2 3 4 |  4.0
Fighting       | |  3.2
Armour         | |  3.2
Shields        | |  3.2

Action                     |  1- 3 |  4- 6 || total
---------------------------+-------+-------++-------
  Melee: War axe           |   102 |     4 ||   106
    Use: Scroll            |     5 |       ||     5
 Armour: Scale mail        |    61 |     1 ||    62
  Dodge: Dodged            |    42 |     5 ||    47
  Block: Buckler           |    18 |     1 ||    19

Table legend:
 A = Non-vault XP
 B = Vault XP
 C = Vault XP percentage of total XP
 D = Non-vault monster count
 E = Vault monster count
 F = Vault count percentage of total count
                 A         B        C        D         E       F
            +---------+---------+-------+---------+---------+-------
      Total |      99 |       0 |   0.0 |      43 |       0 |   0.0
            +---------+---------+-------+---------+---------+-------
        D:1 |      47 |       0 |   0.0 |      25 |       0 |   0.0
        D:2 |      29 |       0 |   0.0 |      13 |       0 |   0.0
        D:3 |      23 |       0 |   0.0 |       5 |       0 |   0.0
            +---------+---------+-------+---------+---------+-------
